 Dungeon Crawl Stone Soup version 0.19.5 (webtiles) character file.

4 tidbits the Skirmisher (level 1, 1/14 HPs)
             Began as a High Elf Wanderer on Oct 29, 2017.
             Quit the game on level 2 of the Dungeon.
             The game lasted 00:01:03 (67 turns).

tidbits the Skirmisher (High Elf Wanderer)            Turns: 67, Time: 00:01:03

Health: 1/14       AC:  3    Str: 12    XL:     1   Next: 58%
Magic:  2/2        EV: 11    Int: 16    God:
Gold:   10         SH:  0    Dex: 12    Spells: 0 memorised, 0 levels left

rFire  . . .     SeeInvis .     a - +0 dagger
rCold  . . .     Gourm    .     B - +0 leather armour
rNeg   . . .     Faith    .     (no shield)
rPois  .         Spirit   .     (no helmet)
rElec  .         Reflect  .     (no cloak)
rCorr  .         Harm     .     (no gloves)
MR     .....                    (no boots)
Stlth  ++........               (no amulet)
                                (no ring)
                                (no ring)

@: lethally poisoned (1 -> -6)
A: no striking features
a: no special abilities


You were on level 2 of the Dungeon.
You were not hungry.

You visited 1 branch of the dungeon, and saw 3 of its levels.

You collected 10 gold pieces.

Inventory:

Hand Weapons
 a - a +0 dagger (weapon)
 e - a +0 club
 f - a cursed -2 spear
   (You found it on level 2 of the Dungeon)
Missiles
 n - 2 throwing nets (quivered) {!f}
Armour
 B - a +0 leather armour (worn)
Scrolls
 b - a scroll of magic mapping {unknown}
 c - a scroll of teleportation
Potions
 d - a potion of lignification
Comestibles
 g - a bread ration


   Skills:
 + Level 2.2 Fighting
 - Level 1.2 Short Blades
 - Level 1.0 Throwing
 + Level 1.5 Dodging
 - Level 2.1 Stealth
   Level 2.0 Ice Magic
   Level 1.0 Poison Magic


You couldn't memorise any spells.
You didn't know any spells.

Dungeon Overview and Level Annotations

Branches:
Dungeon (3/15)

Altars:

Annotations:
D:1 1 runed door


Message History

n - 2 throwing nets (quivered)
{!f} Adjust (i)tems, (s)pells, or (a)bilities?
Adjust which item? (? for menu, Esc to quit)
f - a +0 leather armour (worn)
Adjust to which letter? (? for menu, Esc to quit)
B - a +0 leather armour (worn)
Wield which item (- for none, * to show all)? (? for menu, Esc to quit)
a - a +0 dagger (weapon)
Found a chain mail.
Found a runed door.
The jackal barks!
You now have 3 gold pieces.
The jackal barks!
There is a stone staircase leading down here.
You climb downwards.
A frilled lizard, a goblin and a hobgoblin come into view.
The goblin shouts!
The hobgoblin shouts!
The frilled lizard hisses angrily.
Found a scroll labeled SOSHUV RIOG and a runed spear.
There is a stone staircase leading up here.
The goblin barely misses you.
You closely miss the goblin. The goblin hits you.
You hit the goblin.
The goblin is severely wounded.
You closely miss the goblin.
The goblin is severely wounded.
The goblin hits you.
You hit the goblin.
You kill the goblin!
You closely miss the frilled lizard. The frilled lizard bites you.
You hit the frilled lizard.
You kill the frilled lizard!
You barely miss the hobgoblin. The hobgoblin closely misses you.
You hit the hobgoblin.
The hobgoblin is heavily wounded.
The hobgoblin completely misses you.
You hit the hobgoblin.
The hobgoblin is almost dead.
The hobgoblin misses you.
You hit the hobgoblin.
You kill the hobgoblin!
Things that are here:
a club; a hobgoblin corpse; a frilled lizard corpse
b - a scroll labeled SOSHUV RIOG You see here a runed spear.
f - a runed spear You open the door.
Found a stone staircase leading down.
There is an open door here.
A goblin comes into view.
The goblin shouts!
There is a stone staircase leading down here.
You climb downwards.
Found 7 gold pieces and 15 bolts.
There is a stone staircase leading up here.
You found a teleport trap!
You now have 10 gold pieces (gained 7).
There are no items here.
There is a stone staircase leading up here.
You climb upwards.
The goblin hits you but does no damage.
There is a stone staircase leading down here.
Autopickup is now off.
You hit the goblin but do no damage. The goblin completely misses you.
You hit the goblin.
The goblin is almost dead.
The goblin barely misses you.
You barely miss the goblin.
The goblin is almost dead.
The goblin hits you but does no damage.
You hit the goblin.
You kill the goblin!
You open the door.
An adder comes into view.
Found 23 gold pieces.
You completely miss the adder. The adder bites you.
You are poisoned.
The adder poisons you!
You closely miss the adder.
You feel sick. The adder closely misses you.
You miss the adder. The adder barely misses you.
You barely miss the adder. The adder bites you but does no damage.
You hit the adder but do no damage.
You feel sick. The adder barely misses you. The adder completely misses you.
You closely miss the adder. The adder bites you.
You are more poisoned.
The adder poisons you!
You barely miss the adder. The adder barely misses you.
You barely miss the adder.
You feel sick. The adder bites you.
* * * LOW HITPOINT WARNING * * *
You hit the adder.
The adder is moderately wounded.
The adder closely misses you.
You miss the adder.
The adder is moderately wounded.
* * * LOW HITPOINT WARNING * * *
You feel sick. The adder barely misses you. The adder bites you.
* * * LOW HITPOINT WARNING * * *
You hit the adder but do no damage.
The adder is moderately wounded.
The adder bites you.
* * * LOW HITPOINT WARNING * * *
Okay, then.
Are you sure you want to abandon this character and quit the game? (Confirm with "yes".)

..........#
.........####
#...........#
###...........#
.............#
#..........#####.
#................
#######...........####
.......@...>......#
#######S#######+#'######
... #.........# ....#
#.........# .....#
#.........# .$....#
#.........# .$.....#
#<........# ........#
##)######.# #.# .#


You could see an adder.

Vanquished Creatures
  2 goblins (D:2)
  A hobgoblin (D:2)
  A frilled lizard (D:2)
4 creatures vanquished.

Notes
Turn   | Place    | Note
-------+----------+-------------------------------------------
     0 | D:1      | tidbits the High Elf Wanderer began the quest for the Orb.
     0 | D:1      | tidbits set off with: a +0 leather armour, 2 throwing nets {!f}, a scroll of teleportation, a potion of lignification, a +0 club, a +0 dagger, a bread ration
     0 | D:1      | Reached XP level 1. HP: 14/14 MP: 2/2
     2 | D:1      | Found a runed door.
    66 | D:2      | HP: 1/14 [adder (2)]
    67 | D:2      | Quit the game

Action                   || total
-------------------------++-------
Melee: Dagger            ||    25
Armor: Leather armour    ||     3
Dodge: Dodged            ||    13

Table legend:
 A = Turns spent in this place as a percentage of turns spent in the entire game.
 B = Non-inter-level travel turns spent in this place as a percentage of non-inter-level travel turns spent in the entire game.
 C = Inter-level travel turns spent in this place as a percentage of turns spent in this place.
 D = Turns resting spent in this place as a percentage of non-inter-level travel turns spent in this place.
 E = Turns spent auto-exploring this place as a percentage of non-inter-level travel turns spent in this place.
 F = Non-inter-level travel turns spent in this place divided by the number of levels of this place that you've seen.
                   A       B       C       D       E      F
               +-------+-------+-------+-------+-------+----------------------
         Total | 100.0 | 100.0 |   0.0 |   0.0 |   0.0 |  24.0
       Dungeon | 100.0 | 100.0 |   0.0 |   0.0 |   0.0 |  24.0
               +-------+-------+-------+-------+-------+----------------------

Table legend:
 A = Kills in this place as a percentage of kills in entire the game.
 B = Kills by you in this place as a percentage of kills by you in the entire game.
 C = Kills by friends in this place as a percentage of kills by friends in the entire game.
 D = Other kills in this place as a percentage of other kills in the entire game.
 E = Experience gained in this place as a percentage of experience gained in the entire game.
 F = Experience gained in this place divided by the number of levels of this place that you have seen.
                   A       B       C       D       E      F
               +-------+-------+-------+-------+-------+----------------------
         Total | 100.0 | 100.0 |  -nan |  -nan | 100.0 |   2.3
       Dungeon | 100.0 | 100.0 |  -nan |  -nan | 100.0 |   2.3
               +-------+-------+-------+-------+-------+----------------------

Vault maps used:
D:1:      dpeg_arrival_caged_fury, minmay_gold_behind_fungi,
          grunt_decor_one_mirror
D:2:      serial_bayou_crossing
D:3:      serial_curves, eino_curves_03, eino_curves_03, eino_curves_02,
          roderic_batcave
